 Dungeon Sprint DCSS version 0.20.1-1-g8b1a95d (webtiles) character file.

138 Mitsuki the Fighter (level 8, -5/79 HPs)
             Began as a White Draconian Fighter on Sept 26, 2017.
             Was a High Priest of the Shining One.
             Slain by the 26-headed Lernaean hydra (7 damage)
             ... in the Dungeon (Sprint VI: "Thunderdome").
             The game lasted 00:11:46 (652 turns).

Mitsuki the Fighter (White Draconian Fighter)        Turns: 652, Time: 00:11:47

Health: -5/79      AC:  6    Str: 29      XL:     8   Next: 30%
Magic:  23/23      EV: 17    Int:  1 (5)  God:    the Shining One [*****.]
Gold:   255        SH: 15    Dex: 16      Spells: 7/7 levels left

rFire    . . .     SeeInvis +   a - +0 war axe
rCold    + . .     Gourm    .   b - +0 shield
rNeg     + + .     Faith    .   (armour unavailable)
rPois    +         Spirit   .   (helmet restricted)
rElec    .         Reflect  +   (no cloak)
rCorr    .         Harm     .   (no gloves)
MR       +....     Rnd*Rage +   (no boots) Stlth +.........NoTele +
                                e - amulet "Fimnic" {Reflect Dex+3 SH+2}
Regen    0.3/turn               p - ring of Foanou {-Tele MP+9 Str+6}
MPRegen  0.2/turn               q - ring of Amorality {rPois MR+ Dex+4 SInv}

@: mighty, short of breath, glowing
A: breathe frost, unfitting armour, berserk 1, clumsy 1, cold resistance 1,
dopey 2, screaming 1, weak 1, cold-blooded, AC +6
a: Breathe Frost, Divine Shield, Cleansing Flame, Summon Divine Warrior,
Renounce Religion


You were in the Dungeon.
You worshipped the Shining One.
The Shining One was extremely pleased with you.
You were not hungry.

You visited 1 branch You collected 390 gold pieces.
You spent 135 gold pieces at shops.

Inventory:

Hand Weapons
 a - a +0 war axe (weapon)
Armour
 b - a +0 shield (worn)
Jewellery
 e - the amulet "Fimnic" (around neck) {Reflect Dex+3 SH+2}
   (You bought it in a shop in the Dungeon)

   [amulet of reflection]

   It shields you and reflects attacks.
   It affects your dexterity (+3).
   It affects your SH (+2).
 p - the ring of Foanou (left hand) {-Tele MP+9 Str+6}
   (You bought it in a shop in the Dungeon)

   [ring of magical power]

   It affects your strength (+6).
   It affects your magic capacity (+9).
   It prevents most forms of teleportation.
 q - the ring of Amorality (right hand) {rPois MR+ Dex+4 SInv}
   (You bought it in a shop in the Dungeon)

   [ring of protection from magic]

   It affects your dexterity (+4).
   It protects you from poison.
   It affects your resistance to hostile enchantments.
   It lets you see invisible.
Wands
 k - a wand of acid (5/15)
 l - a wand of iceblast (5/15)
Scrolls
 j - 4 scrolls of blinking
 m - 3 scrolls of fog
Potions
 f - 2 potions of heal wounds
 g - 4 potions of haste
 h - 2 potions of magic
 n - a potion of resistance
Comestibles
 d - a bread ration


   Skills:
 + Level 9.8 Fighting
 + Level 8.5 Axes
 + Level 8.3 Dodging
 + Level 9.0 Shields
 + Level 8.5 Invocations


You had 7 spell levels left.
You didn't know any spells.

Dungeon Overview and Level Annotations

Branches:
Dungeon (1/1)

Altars:
Cheibriados
Dithmenos
Fedhas
Gozag
Kikubaaqudgha
Makhleb
Okawaru
Qazlal
Ru
Sif Muna
Trog
Uskayaw
Vehumet
Xom
Yredelemnul
Zin
The Shining One
Beogh
Jiyva
Lugonu

Shops:
D *[%??*?*:[((!!!!

Annotations:
D Lernaean hydra


Innate Abilities, Weirdness & Mutations

You can breathe waves of freezing cold.
You can buffet flying creatures when you breathe cold.
Your icy white scales are hard. (AC +6)
You cannot fit into any form of body armour.
Your flesh is cold resistant. (rC+)
You are cold-blooded and may be slowed by cold attacks.
You tend to lose your temper in combat.
You are clumsy. (Dex -2)
You are very dopey. (Int -4)
You occasionally shout uncontrollably at your foes.
You are weak. (Str -2)


Message History

The 26-headed Lernaean hydra bites you but does no damage.
The 26-headed Lernaean hydra bites you.
The 26-headed Lernaean hydra bites you! x2
You block the 26-headed Lernaean hydra's attack.
The 26-headed Lernaean hydra bites you. x2
* * * LOW HITPOINT WARNING * * *
The 26-headed Lernaean hydra bites you.
* * * LOW HITPOINT WARNING * * *
The 26-headed Lernaean hydra bites you!
* * * LOW HITPOINT WARNING * * *
The 26-headed Lernaean hydra bites you.
* * * LOW HITPOINT WARNING * * *
The 26-headed Lernaean hydra bites you! The Shining One protects you from harm!
The 26-headed Lernaean hydra bites you! The Shining One protects you from harm!
You block the 26-headed Lernaean hydra's attack. x2
The 26-headed Lernaean hydra bites you.
* * * LOW HITPOINT WARNING * * *
The 26-headed Lernaean hydra bites you!
You die...

#§...........⌠#
######.8.........8.######
##∩___......###.......__∩##
##∩........8.# #.8........∩###
......)......###.............##
..........###...###..........⌠#
.....[....# #.<.# #..........⌠#
..........###..D###..........⌠#
......)....[.###@............##
##∩........8.# #.8........∩###
##∩__....[..###).....___∩##
######.8..[......8.######
#⌠...........⌠# ###...†.....###
#_......._# #_......._#
#_........#


You could see the 26-headed Lernaean hydra.

Vanquished Creatures
  7 neqoxecs (D)
  2 gnoll sergeants (D)
  2 scorpions (D)
  2 hounds (D)
  2 orc wizards (D)
  Terence (D)
  2 gnolls (D)
  An adder (D)
  A leopard gecko (D)
  2 orcs (D)
  2 bats (D)
24 creatures vanquished.

Notes
Turn   | Place    | Note
-------+----------+-------------------------------------------
     0 | D        | Mitsuki the Draconian Fighter began the quest for the Orb.
     0 | D        | Reached XP level 1. HP: 19/19 MP: 1/1
     1 | D        | Found an iron altar of Okawaru.
     2 | D        | Found a glowing silver altar of Zin.
     2 | D        | Found an opulent altar of Gozag.
     3 | D        | Found a stormy altar of Qazlal.
     3 | D        | Found a radiant altar of Vehumet.
     4 | D        | Found a shimmering altar of Xom.
     4 | D        | Found Yhokh's Staff Store.
     4 | D        | Found Ekiuporch's Magic Scroll Shop.
     5 | D        | Found Moinuomn's Must-Have Magic.
     5 | D        | Found Byuleed's Magic Scroll Shop.
     5 | D        | Round 1.
    22 | D        | Found a roughly hewn altar of Beogh.
    24 | D        | Found a corrupted altar of Lugonu.
    38 | D        | Noticed Terence
    44 | D        | Killed Terence
    44 | D        | Reached XP level 2. HP: 22/28 MP: 2/2
    49 | D        | Reached XP level 3. HP: 23/34 MP: 3/3
    56 | D        | Found a basalt altar of Yredelemnul.
    56 | D        | Found Itruucasm's Bee Food.
    56 | D        | Found Tihouz's Jewellery.
    57 | D        | Found Wonauceam's Advanced Armour.
    61 | D        | Found Diof's Identification Station.
    61 | D        | Found a bloodstained altar of Trog.
    61 | D        | Found a glowing golden altar of the Shining One.
    63 | D        | Bought a flickering golden amulet for 45 gold pieces
    63 | D        | Identified the amulet "Fimnic" {Reflect Dex+3 SH+2} (You bought it in a shop in the Dungeon)
    81 | D        | Became a worshipper of the Shining One
    83 | D        | Found a burning altar of Makhleb.
    85 | D        | Found a sacrificial altar of Ru.
    85 | D        | Found a deep blue altar of Sif Muna.
    85 | D        | Found Iwodoc's Premium Goods.
    85 | D        | Found Lilij's Miscellaneous Merchandise.
    86 | D        | Found Jerphum's Basic Armour.
    87 | D        | Found a viscous altar of Jiyva.
    87 | D        | Found a hide-covered altar of Uskayaw.
    87 | D        | Found Juck's Weapon Rack.
   102 | D        | Found an ancient bone altar of Kikubaaqudgha.
   104 | D        | Found a blossoming altar of Fedhas.
   104 | D        | Found a snail-covered altar of Cheibriados.
   104 | D        | Found Vieg's Do-It-Yourself Clinic.
   104 | D        | Found Xecadac's Bottled Wisdom.
   105 | D        | Found Kuhoitin's Distillery.
   110 | D        | Found Tasoic's Distillery.
   110 | D        | Found a shadowy altar of Dithmenos.
   146 | D        | Arena points: 14 (+14) [x2]
   146 | D        | Reached skill level 5 in Fighting
   146 | D        | Reached skill level 1 in Invocations
   164 | D        | Round 2.
   168 | D        | Bought a transparent jade ring for 45 gold pieces
   168 | D        | Bought a fine amber ring for 45 gold pieces
   168 | D        | Identified the ring of Foanou {-Tele MP+9 Str+6} (You bought it in a shop in the Dungeon)
   169 | D        | Identified the ring of Amorality {rPois MR+ Dex+4 SInv} (You bought it in a shop in the Dungeon)
   199 | D        | Reached skill level 5 in Shields
   199 | D        | Reached XP level 4. HP: 17/42 MP: 5/5
   209 | D        | Noticed a gnoll sergeant
   209 | D        | Reached * piety under the Shining One
   217 | D        | Noticed a gnoll sergeant
   229 | D        | Reached skill level 5 in Dodging
   230 | D        | Killed a gnoll sergeant
   230 | D        | Reached skill level 5 in Axes
   230 | D        | Reached XP level 5. HP: 49/51 MP: 8/8
   236 | D        | Reached skill level 5 in Invocations
   254 | D        | Arena points: 56 (+42) [x3]
   254 | D        | Reached XP level 6. HP: 28/60 MP: 9/9
   289 | D        | Round 3.
   352 | D        | Reached ** piety under the Shining One
   465 | D        | Arena points: 74 (+18) [x1]
   480 | D        | Round 4.
   519 | D        | Noticed a neqoxec
   523 | D        | Killed a neqoxec
   523 | D        | Your scales start taking on an icy white colour.
   523 | D        | Reached XP level 7. HP: 69/69 MP: 11/11
   523 | D        | Gained mutation: Your flesh is cold resistant. (rC+) [White Draconian growth]
   544 | D        | Noticed a neqoxec
   544 | D        | Reached *** piety under the Shining One
   555 | D        | Killed a neqoxec
   558 | D        | Noticed a neqoxec
   561 | D        | Gained mutation: You occasionally shout uncontrollably at your foes. [a neqoxec]
   568 | D        | Killed a neqoxec
   568 | D        | Reached **** piety under the Shining One
   584 | D        | Noticed a neqoxec
   586 | D        | Noticed a neqoxec
   587 | D        | Gained mutation: You are weak. (Str -2) [a neqoxec]
   588 | D        | Noticed a neqoxec
   588 | D        | Reached ***** piety under the Shining One
   588 | D        | Gained mutation: You are dopey. (Int -2) [a neqoxec]
   589 | D        | Noticed a neqoxec
   590 | D        | Gained mutation: You are very dopey. (Int -4) [a neqoxec]
   597 | D        | Killed a neqoxec
   608 | D        | Killed a neqoxec
   608 | D        | Reached XP level 8. HP: 40/78 MP: 14/14
   613 | D        | Gained mutation: You are clumsy. (Dex -2) [a neqoxec]
   616 | D        | Lost intelligence.
   619 | D        | Gained mutation: You tend to lose your temper in combat. [a neqoxec]
   624 | D        | Arena points: 138 (+64) [x2]
   643 | D        | Round 5.
   643 | D        | Noticed the 27-headed Lernaean hydra
   652 | D        | HP: 3/79 [the 26-headed Lernaean hydra (1)]
   652 | D        | The Shining One protects you from harm!
   652 | D        | The Shining One protects you from harm!
   652 | D        | Slain by the 26-headed Lernaean hydra

Skill      XL: |  1  2  3  4  5  6  7  8 |
---------------+-------------------------+-----
Fighting       | 4 5 6 7 8 9 |  9.8
Axes           | 3 4 5 7 8 |  8.5
Dodging        | 3 4 5 6 7 8 |  8.3
Shields        | 4 5 6 7 8 9 |  9.0
Invocations    | 2 4 5 6 8 |  8.5

Action                   |  1- 3 |  4- 6 |  7- 9 || total
-------------------------+-------+-------+-------++-------
Melee: War axe           |    38 |    34 |    47 ||   119
       Tailslap          |       |     7 |    11 ||    18
Invok: Divine Shield     |       |     1 |       ||     1
 Abil: Breathe Frost     |       |       |     2 ||     2
  Use: Potion            |     1 |     3 |     1 ||     5
Armor: Skin              |     8 |     7 |     9 ||    24
Dodge: Dodged            |    22 |    21 |     9 ||    52
Block: Shield            |    26 |    17 |    22 ||    65
       Reflection        |     1 |       |       ||     1
